 Dungeon Crawl Stone Soup version 0.29-a0-529-gfa20dd96a1 (webtiles) character file.

Game seed: 10861474679947968673

88 jlumianski the Covered (level 4, 0/29 HPs)
             Began as a Gargoyle Fighter on June 2, 2022.
             Was an Initiate of Wu Jian.
             Slain by a hound (5 damage)
             ... on level 3 of the Dungeon.
             The game lasted 00:06:39 (2769 turns).

jlumianski the Covered (Gargoyle Fighter)           Turns: 2769, Time: 00:06:40

Health: 0/29       AC: 10    Str: 21    XL:     4   Next: 54%
Magic:  4/4        EV:  9    Int:  9    God:    Wu Jian [......]
Gold:   104        SH:  4    Dex:  9    Spells: 3/3 levels left

rFire   . . .      SeeInvis .   a - +0 war axe
rCold   . . .      Faith    .   c - +0 buckler
rNeg    + . .      Spirit   .   b - +0 scale mail
rPois   ∞          Reflect  .   (no helmet)
rElec   +          Harm     .   (no cloak)
rCorr   .          Rampage  .   (no gloves)
Will    .....                   (no boots)
Stlth   ..........              o - amulet of magic regeneration
HPRegen 0.09/turn               (no ring)
MPRegen 0.49/turn               (no ring)

@: no status effects
A: sickness immunity, AC +3, negative energy resistance 1, electricity
resistance, torment resistance 1, petrification resistance
a: Renounce Religion


You were on level 3 of the Dungeon.
You worshipped Wu Jian.
Wu Jian was noncommittal.
You visited 1 branch of the dungeon, and saw 3 of its levels.

You collected 104 gold pieces.

Inventory:

Hand Weapons
 a - a +0 war axe (weapon)
Missiles
 e - 94 stones (quivered)
Armour
 b - a +0 scale mail (worn)
 c - a +0 buckler (worn)
Jewellery
 g - a ring of positive energy
 o - an amulet of magic regeneration (around neck)
Wands
 q - a wand of iceblast (5)
Scrolls
 h - a scroll of fear {unknown}
 i - a scroll of acquirement {unknown}
 k - a scroll of silence {unknown}
 l - 3 scrolls of identify {unknown}
 n - 2 scrolls of noise {unknown}
 s - a scroll of teleportation {unknown}
Potions
 d - 2 potions of might
 f - a potion of invisibility {unknown}
 j - a potion of resistance {unknown}
 m - 2 potions of attraction {unknown}
 p - a potion of curing {unknown}
 r - a potion of flight {unknown}


   Skills:
 + Level 3.7 Fighting
 + Level 2.8 Axes
 + Level 4.2 Armour
 + Level 0.6 Dodging
 + Level 3.4 Shields


You had 3 spell levels left.
You didn't know any spells.
Your spell library contained the following spells:

 Spells                   Type           Power      Damage    Failure   Level
 Passage of Golubria      Tloc           0%         N/A       100%        4
 Silence                  Hex/Air        0%         N/A       100%        5
 Lehudib's Crystal Spear  Conj/Erth      0%         10d2      100%        8


Dungeon Overview and Level Annotations

Branches:
Dungeon (3/15)

Altars:
Wu Jian


Innate Abilities, Weirdness & Mutations

You are immune to sickness and miasma.
Your stone body is resilient. (AC +3)
You are immune to poison.
You resist negative energy. (rN+)
You are resistant to electric shocks. (rElec)
You are resistant to unholy torment.
You are immune to petrification.


Message History

You block the hound's attack. The hound bites you.
You miss the hound. You hit the bush but do no damage. x2
The hound bites you but does no damage. x2
You miss the hound. You hit the bush but do no damage. x2
The hound barely misses you. The hound completely misses you.
The hound attacks as you move away! You block the hound's attack.
The hound bites you. The hound bites you. The hound attacks as you move away!
The hound bites you. The hound closely misses you.
The hound attacks as you move away! The hound closely misses you.
You block the hound's attack. You block the hound's attack.
The hound bites you but does no damage. The hound attacks as you move away!
You block the hound's attack. The hound closely misses you.
The hound attacks as you move away! The hound barely misses you.
The hound barely misses you. The hound attacks as you move away!
The hound barely misses you. The hound attacks as you move away!
The hound bites you but does no damage. You block the hound's attack.
The hound bites you. The hound attacks as you move away!
The hound bites you but does no damage. The hound barely misses you.
The hound attacks as you move away! The hound bites you but does no damage.
The hound pauses to sniff the ground.
The hound bites you. The hound barely misses you.
The hound attacks as you move away! The hound barely misses you.
The hound closely misses you. The hound barely misses you.
The hound attacks as you move away! The hound closely misses you.
The hound bites you.
* * * LOW HITPOINT WARNING * * *
You see here a +0 club.
The hound bites you.
* * * LOW HITPOINT WARNING * * *
The hound attacks as you move away! The hound barely misses you.
The hound bites you.
You die...

#.P#...########## #.#.# #.##
...†...#.#......######.#.#####.#.
..P#+#+#.#.####.##.....#.......#.
...# #.#.#.....#.#############.
...# ###.#.#.....#.#.........#...
..####.#.#.#...).#.#...#####.#.##
#.#....#.#.#....g#.#...####......
#.#.#.##.#.#....h#.#.........#...
..#......#.#....@#.#..####...#...
.†....####.#.............#...#...
####..####.##............#<..#...
...........#####.....#####...##.#
.###############.............##.#
#.......##....#..##<#
#.###.........#..##.#
.#.###...#.....#..##.#
................+.....#


You could see a hound and a gnoll.

Vanquished Creatures
  A hound (D:3)
  2 worms
  A dart slug (D:1)
  An orc (D:2)
  5 ball pythons
  2 bats
  2 endoplasms
  2 giant cockroaches
  7 goblins
  7 jackals
  3 quokkas
  4 frilled lizards
  5 kobolds
  4 rats
46 creatures vanquished.

Notes
Turn   | Place    | Note
-------+----------+-------------------------------------------
     0 | D:1      | jlumianski the Gargoyle Fighter began the quest for the
                  | Orb.
     0 | D:1      | Reached XP level 1. HP: 14/14 MP: 1/1
   180 | D:1      | Found a faded altar of an unknown god.
   405 | D:1      | Reached XP level 2. HP: 13/19 MP: 2/2
   928 | D:1      | Reached XP level 3. HP: 23/23 MP: 3/3
  1692 | D:2      | Found an ornate altar of the Wu Jian Council.
  1705 | D:2      | Became a worshipper of the Wu Jian Council
  2237 | D:2      | Reached skill level 4 in Armour
  2324 | D:3      | Reached XP level 4. HP: 14/29 MP: 4/4
  2769 | D:3      | Slain by a hound

Illustrated notes

Levels and vault maps discovered:
D:1:      ncdulo_smallfort, layout_loops_ring,
          hellmonk_ecumenical_altar_crossroads
D:2:      layout_basic, basic_altar
D:3:      layout_basic, cheibrodos_gnoll_hut

Skill      XL: |  1  2  3 |
---------------+----------+-----
Axes           | 2 |  2.8
Armour         | 4 |  4.2
Fighting       | |  3.7
Dodging        | |  0.6
Shields        | |  3.4

Action                   |  1- 3 |  4- 6 || total
-------------------------+-------+-------++-------
Melee: War axe           |   164 |    21 ||   185
Throw: Stone             |     7 |       ||     7
Invok: Lunge             |     7 |       ||     7
Armor: Scale mail        |    99 |    19 ||   118
Dodge: Dodged            |    84 |    27 ||   111
Block: Buckler           |    29 |    11 ||    40

Table legend: (Time is in decaauts)
 A = Elapsed time spent in this place.
 B = Non-inter-level travel time spent in this place.
 C = Inter-level travel time spent in this place.
 D = Time resting spent in this place.
 E = Time spent auto-exploring this place.
 F = Levels seen in this place.
 G = Mean time per level.
                   A        B        C        D        E       F      G
               +--------+--------+--------+--------+--------+-----+--------+
         Total |   2847 |   2803 |     44 |    374 |   1613 |   3 |  949.0 |
       Dungeon |   2847 |   2803 |     44 |    374 |   1613 |   3 |  949.0 |
               +--------+--------+--------+--------+--------+-----+--------+

Top non-repeatable levels by time:
     D:1: 1446 daAuts
     D:2: 855 daAuts
     D:3: 545 daAuts
